Map: Ruins of Endion

Players

blackxored

  • Race: Zerg Zerg
  • League: Diamond

Jagger - Winner!

  • Race: Zerg Zerg
  • League: Platinum

VOD

Have the link to the VOD?

Description

Time

  • Played on: July 1, 2016, 3:36 p.m.
  • Length: 6:41
Show
View Real Time Build Order
Export as new Build Order

blackxored Zerg 

Build Orders: Pool First, Zergling Baneling 

Get SALT Encoding   

  12  0:01  Drone  
  13  0:08  Drone  
  14  0:22  Extractor  
  14  0:23  Drone  
  14  0:33  Spawning Pool  
  14  0:35  Drone  
  14  0:44  Overlord  
  14  0:52  Extractor  
  14  0:53  Drone  
  15  1:05  Drone x2  
  15  1:10  Drone  
  18  1:19  Queen  
  20  1:27  Overlord  
  20  1:34  Metabolic Boost  
  20  1:38  Drone  
  21  1:46  Baneling Nest  
  20  1:55  Zergling x2  
  20  1:56  Zergling x2  
  22  2:10  Zergling x2  
  22  2:13  Zergling x2  
  24  2:24  Hatchery  
  23  2:30  Zergling x4  
  23  2:31  Zergling x2  
  23  2:33  Zergling x2  
  27  2:46  Drone  
  27  2:48  Drone  
  29  3:06  Drone  
  29  3:11  Baneling x3  
  30  3:13  Baneling  
  30  3:15  Baneling  
  30  3:16  Baneling  
  30  3:18  Baneling  
  30  3:21  Hatchery  
  30  3:26  Drone  
  30  3:28  Overlord  
  26  3:53  Drone x7  
  32  4:02  Lair  
  32  4:04  Drone  
  32  4:07  Drone  
  34  4:17  Zergling x4  
  34  4:23  Zergling x2  
  34  4:24  Zergling x2  
  35  4:25  Zergling x2, Spine Crawler  
  35  4:35  Zergling x8  
  35  4:37  Baneling x2  
  39  4:41  Zergling x2  
  39  4:43  Zergling x2  
  41  4:50  Zergling x2  
  42  4:53  Baneling  
  42  4:54  Baneling  
  42  4:57  Baneling x2  
  42  5:05  Zergling x2  
  42  5:06  Zergling x6  
  36  5:29  Baneling  
  35  5:41  Zergling x16  
  38  5:49  Zergling x2  
  39  5:54  Queen  
  39  5:58  Zergling x4  
  39  6:01  Baneling x3  
  39  6:02  Baneling  
  38  6:04  Zergling x2  
  38  6:09  Zergling x2  
  19  6:22  Drone x2  
  19  6:25  Drone  
Show
View Real Time Build Order
Export as new Build Order

Jagger Zerg - Winner!

Build Orders: Hatch First 

Get SALT Encoding   

  12  0:05  Drone  
  13  0:14  Overlord  
  13  0:21  Drone  
  14  0:33  Drone  
  14  0:34  Drone  
  16  0:52  Hatchery  
  16  0:54  Drone  
  16  1:00  Drone  
  16  1:03  Extractor  
  16  1:15  Spawning Pool  
  16  1:18  Drone  
  16  1:22  Drone  
  17  1:27  Drone  
  18  1:37  Drone  
  19  2:02  Zergling x4  
  19  2:03  Queen  
  19  2:05  Zergling x4  
  25  2:16  Spine Crawler  
  24  2:30  Baneling Nest  
  24  2:32  Queen  
  24  2:33  Drone  
  24  2:34  Drone x2  
  28  2:38  Overlord  
  28  2:46  Metabolic Boost  
  28  2:57  Zergling x6  
  31  3:15  Baneling x2  
  31  3:16  Drone x4  
  31  3:17  Drone  
  36  3:22  Overlord  
  36  3:43  Drone x3  
  39  3:51  Zergling x4  
  39  3:52  Zergling x2  
  39  3:54  Zergling x2  
  43  4:04  Zergling x2  
  43  4:05  Overlord  
  44  4:21  Overlord  
  44  4:33  Baneling  
  44  4:34  Zergling x4, Baneling x2  
  44  4:35  Zergling x8  
  50  4:41  Drone x4  
  54  4:46  Roach Warren  
  52  5:13  Zergling x12  
  52  5:14  Zergling x4  
  59  5:15  Overlord x2  
  59  5:16  Baneling x3  
  59  5:17  Baneling x5  
  59  5:18  Baneling x2  
  44  5:53  Zergling x6  
  44  5:54  Zergling x6  
  49  6:10  Zergling x4  
  44  6:29  Hatchery  
Tags
 
Add a new tag
Caveats
  • Supply blocks, unpowered buildings, or Contaminate may cause inaccurate times.
  • Supply counts are checked every 10 seconds.